 Seeded DCSS version 0.30.1-4-g462c640d31 (webtiles) character file.

Game seed: 6351066067085065685 (custom seed)

13601 Esekla the Thaumaturge (level 11, -1/62 HPs)
             Began as a Deep Elf Necromancer on Aug 17, 2023.
             Was a High Priest of Vehumet.
             Slain by a gargoyle
             ... wielding a +0 mace of protection
              (6 damage)
             ... on level 10 of the Dungeon on Aug 18, 2023.
             The game lasted 01:18:35 (11375 turns).

Esekla the Thaumaturge (Deep Elf Necromancer)      Turns: 11375, Time: 01:18:36

Health: -1/62      AC:  7    Str:  5    XL:     11   Next: 77%
Magic:  29/39      EV: 15    Int: 25    God:    Vehumet [*****.]
Gold:   124        SH:  0    Dex: 15    Spells: 9/37 levels left

rFire   . . .        a - +5 scimitar
rCold   . . .        J - +0 buckler
rNeg    . . .        w - +1 robe {Will+}
rPois   .            M - +1 helmet
rElec   .            I - +0 cloak
rCorr   .            j - +0 pair of gloves
SInv    .            (no boots)
Will    ++...        A - amulet of magic regeneration
Stlth   +            L - ring of magical power
HPRegen 0.30/turn    l - ring of the Mage {Wiz Archmagi}
MPRegen 0.66/turn

%: wizardry (x1), archmagi
@: confused, about to teleport, ambrosia-drunk, studying Fighting
A: no striking features
a: Renounce Religion


You were on level 10 of the Dungeon.
You worshipped Vehumet.
Vehumet was extremely pleased with you.
You visited 2 branches of the dungeon, and saw 12 of its levels.
You also visited: Bailey.

You collected 838 gold pieces.
You spent 714 gold pieces at shops.

Inventory:

Hand Weapons
 a - a +5 scimitar (weapon)
 r - a +4 trident of venom
 s - the +5 rapier of the Hero {heavy, rN+ Dex+3}
   (You found it on level 3 of the Dungeon)

   Dex:       It affects your dexterity (+3).
   rN:        It protects you from negative energy.
Missiles
 n - 5 curare-tipped darts
 u - 53 poisoned darts
 K - 6 boomerangs (quivered)
Armour
 j - a +0 pair of gloves (worn)
 w - a +1 robe of willpower (worn)
 I - a +0 cloak (worn)
 J - a +0 buckler (worn)
 M - a +1 helmet (worn)
Magical Staves
 f - a staff of fire
Jewellery
 l - the ring of the Mage (right hand) {Wiz Archmagi}
   (You bought it in a shop on level 2 of the Dungeon)

   [ring of wizardry]

   It improves your spell success rate.
   Archmagi:  It increases the power of your magical spells.
 x - a ring of ice
 A - an amulet of magic regeneration (around neck)
 L - a ring of magical power (left hand)
Wands
 D - a wand of flame (13)
 E - a wand of roots (12)
Scrolls
 c - a scroll of vulnerability {unknown}
 m - 2 scrolls of fog {unknown}
 o - a scroll of enchant armour
 p - 2 scrolls of amnesia {unknown}
 q - 5 scrolls of blinking {unknown}
 v - 4 scrolls of enchant weapon {unknown}
 y - 2 scrolls of silence
 z - a scroll of magic mapping
 C - 3 scrolls of fear
 F - a scroll of teleportation
 G - 2 scrolls of poison
 N - 2 scrolls of acquirement
Potions
 b - 2 potions of magic
 d - 2 potions of ambrosia
 e - 4 potions of brilliance {unknown}
 g - a potion of mutation
 h - a potion of haste
 i - 9 potions of curing {unknown}
 k - 6 potions of attraction {unknown}
 t - a potion of degeneration {unknown}
 B - 2 potions of lignification
 P - a potion of cancellation


   Skills:
 * Level 4.7 Fighting
 + Level 4.3(4.5) Short Blades
 + Level 1.5(3.0) Long Blades
 + Level 2.8 Throwing
 * Level 7.7 Dodging
 + Level 4.8 Stealth
 * Level 3.2 Shields
 * Level 13.6 Spellcasting
 * Level 11.0 Necromancy
 * Level 6.3 Translocations
 * Level 6.7 Fire Magic
 + Level 1.0 Evocations


You had 9 spell levels left.
You knew the following spells:

 Your Spells              Type           Power      Damage    Failure   Level
a - Necrotise             Necr           100%       1d9       1%          1
b - Freeze                Ice            100%       1d10      1%          1
c - Volatile Blastmotes   Fire/Tloc      100%       2d18      1%          3
d - Vampiric Draining     Necr           83%        2d11      1%          3
e - Flame Wave            Conj/Fire      50%        2d12      1%          4
f - Iskenderun's Battles  Conj           25%        2d8       17%         5
g - Iron Shot             Conj/Erth      12%        9d3       61%         6
o - Scorch                Fire           100%       2d9       1%          2
t - Teleport Other        Tloc           65%        N/A       1%          3

Your spell library contained the following spells:

 Spells                   Type           Power      Damage    Failure   Level
 Lesser Beckoning         Tloc           100%       N/A       1%          2
 Gell's Gravitas          Tloc           65%        N/A       1%          3
 Animate Dead             Necr           83%        N/A       1%          4
 Agony                    Necr           83%        N/A       1%          5
 Spider Form              Tmut/Pois      25%        N/A       8%          3
 Cause Fear               Hex            12%        N/A       24%         4
 Summon Mana Viper        Hex/Summ       25%        N/A       52%         5


Dungeon Overview and Level Annotations

Branches:
Dungeon (11/15)            Temple (0/1) D:6             Orc (1/2) D:10
 Bailey (visited)
   Lair: D:8-11

Altars:
Dithmenos
Fedhas
Hepliaklqana
Nemelex Xobeh
Okawaru
Qazlal
Ru
Trog
Uskayaw
Vehumet
Zin
The Shining One

Shops:
D:2 =   D:4 (

Annotations:
D:7 Joseph


Message History

Casting: Vampiric Draining (safe; 1% risk of failure)
Confirm with . or Enter, or press ? or * to list all spells.
Aiming: Vampiric Draining (safe; 1% risk of failure)
Press: ? - help, Shift-Dir - straight line You feel a surge of power!
You draw life force from something!
Vehumet accepts your kill.
Reactivating autopickup.
You feel a bit more experienced.
You feel life coursing into your body.
The gargoyle hits you with a +0 mace of protection!
Unknown command.
Casting: Vampiric Draining (safe; 1% risk of failure)
Confirm with . or Enter, or press ? or * to list all spells.
You feel a surge of power!
Flames lash the gargoyle but do no damage.
The gargoyle hits you with a +0 mace of protection!
Casting: Scorch (safe; 1% risk of failure)
Confirm with . or Enter, or press ? or * to list all spells.
You feel a surge of power!
Flames lash the gargoyle.
The gargoyle is lightly damaged.
The gargoyle's fire resistance burns away.
The gargoyle closely misses you.
Casting: Scorch (safe; 1% risk of failure)
Confirm with . or Enter, or press ? or * to list all spells.
You feel a surge of power!
Flames lash the gargoyle.
The gargoyle is lightly damaged.
The gargoyle hits you with a +0 mace of protection!
* * * LOW HITPOINT WARNING * * *
As you read the scroll of teleportation, it crumbles to dust.
You feel strangely unstable.
The gargoyle hits you with a +0 mace of protection.
* * * LOW HITPOINT WARNING * * *
It was a potion of ambrosia.
You are confused.
You feel invigorated.
The gargoyle hits you with a +0 mace of protection!
* * * LOW HITPOINT WARNING * * *
Items here: ) [ ††.
The gargoyle attacks as you move away!
The gargoyle hits you with a +0 mace of protection.
You die...

###......#..........#....# #....
..)>.....#..........#....# #....
###.†....#..........#....# ###..
#......#..........#....######..
###......#.y.....................
.##......#...y...................
.##.######.......................
.##.# ##########................
.##.####.......9@................
......##.....#######.............
......+.....#..~~~..#............
......#....#..~...~9.#...........
......###.#...~._.~...#).........
...........#..~...~..#...........
............#..~~~..#............
.........###.#######.............
.........##..))..................


You could see a gargoyle (combustible).

Vanquished Creatures
  Harold (D:9)
  2 two-headed ogres
  Pikel (D:6)
  3 orc knights
  2 cyclopes (D:9)
  A kobold demonologist (D:9)
  A polar bear (D:11)
  3 trolls
  3 centaur simulacra (D:11)
  9 yaks (D:10)
  2 steam dragons
  3 wyverns
  Menkaure (D:7)
  A sky beast (D:6)
  12 orc warriors
  2 black bears
  4 ice beasts (D:11)
  2 ogres
  2 centaurs
  2 wolves (D:11)
  A phantom (D:7)
  Blork the orc (D:6)
  4 kobold brigands
  4 gnoll sergeants
  2 bullfrogs
  2 scorpions (D:5)
  10 wights
  11 killer bees
  2 howler monkeys (D:10)
  2 quasits (D:8)
  2 gnoll boudas
  6 hounds
  A jelly (D:6)
  Crazy Yiuf (D:7)
  6 orc priests
  A sleepcap (D:5)
  5 iguanas
  9 orc wizards
  28 gnolls
  9 adders
  3 shadow imps (D:8)
  6 white imps
  4 ufetubi
  A worm (D:4)
  3 dart slugs
  53 orcs
  6 ball pythons
  4 endoplasms
  9 goblins
  7 hobgoblins
  A quokka (D:1)
  4 bats
  4 frilled lizards
  20 kobolds
  A rat (D:2)
290 creatures vanquished.

Vanquished Creatures (others)
  An orc (D:8)
  A kobold (D:8)
2 creatures vanquished.

Grand Total: 292 creatures vanquished

Notes
Turn   | Place    | Note
-------+----------+-------------------------------------------
     0 | D:1      | Esekla the Deep Elf Necromancer began the quest for the
                  | Orb.
     0 | D:1      | Reached XP level 1. HP: 10/10 MP: 6/6
   289 | D:4      | Found an iron altar of Okawaru.
   353 | D:4      | Found a glowing silver altar of Zin.
   374 | D:4      | Found a radiant altar of Vehumet.
   378 | D:4      | Became a worshipper of Vehumet
   423 | D:4      | Reached skill level 5 in Necromancy
   584 | D:3      | Identified the +5 rapier of the Hero {heavy, rN+ Dex+3}
   595 | D:2      | Reached XP level 2. HP: 15/15 MP: 8/8
   601 | D:2      | Found Renulab's Jewellery Shop.
  1017 | D:3      | Found a stormy altar of Qazlal.
  1045 | D:3      | Found a hazy altar of Hepliaklqana.
  1047 | D:3      | Found a bloodstained altar of Trog.
  1059 | D:3      | Reached XP level 3. HP: 18/19 MP: 9/9
  1068 | D:3      | Learned a level 3 spell: Vampiric Draining
  1427 | D:3      | Reached XP level 4. HP: 14/24 MP: 7/11
  1574 | D:2      | Reached * piety under Vehumet
  1574 | D:2      | Offered knowledge of Freeze by Vehumet.
  1578 | D:2      | Learned a level 1 spell: Freeze
  1715 | D:2      | Noticed a black bear
  1725 | D:2      | Killed a black bear
  1726 | D:2      | Reached skill level 1 in Short Blades
  1726 | D:2      | Reached skill level 4 in Spellcasting
  1726 | D:2      | Reached XP level 5. HP: 18/28 MP: 2/13
  1918 | D:1      | Learned a level 3 spell: Teleport Other
  2234 | D:2      | Found a faded altar of an unknown god.
  2497 | D:4      | Found Ponaysk's Antique Weapon Boutique.
  2733 | D:4      | Reached XP level 6. HP: 29/32 MP: 9/15
  2963 | D:4      | Reached skill level 5 in Spellcasting
  3006 | D:4      | Found a glowing golden altar of the Shining One.
  3051 | D:4      | Offered knowledge of Scorch by Vehumet.
  3121 | D:4      | Reached ** piety under Vehumet
  3208 | D:4      | Learned a level 2 spell: Scorch
  3210 | D:5      | Entered Level 5 of the Dungeon
  3218 | D:5      | Got the Parchment of the Lumpy Olives
  3227 | D:5      | Found a shadowy altar of Dithmenos.
  3345 | D:5      | Reached XP level 7. HP: 22/36 MP: 17/17
  3663 | D:5      | Reached skill level 1 in Translocations
  3704 | D:5      | Reached skill level 6 in Spellcasting
  3704 | D:5      | Reached skill level 1 in Fire Magic
  4223 | D:6      | Reached XP level 8. HP: 33/41 MP: 16/20
  4223 | D:6      | Found a blossoming altar of Fedhas.
  4332 | D:6      | Found a staircase to the Ecumenical Temple.
  4376 | D:6      | Noticed Pikel
  4455 | D:6      | Killed Pikel
  4456 | D:6      | Reached skill level 5 in Dodging
  4456 | D:6      | Reached skill level 7 in Spellcasting
  4580 | D:6      | Reached skill level 8 in Spellcasting
  4648 | D:6      | Noticed Blork the orc
  4663 | D:6      | Killed Blork the orc
  4664 | D:6      | Reached skill level 1 in Throwing
  4738 | D:6      | Offered knowledge of Volatile Blastmotes by Vehumet.
  4744 | D:6      | Learned a level 3 spell: Volatile Blastmotes
  5259 | D:7      | Reached XP level 9. HP: 29/45 MP: 18/23
  5372 | D:7      | Noticed Menkaure
  5379 | D:7      | Killed Menkaure
  5422 | D:7      | Reached skill level 9 in Spellcasting
  5508 | D:7      | Found a runed translucent door.
  5509 | D:7      | Noticed Crazy Yiuf
  5517 | D:7      | Killed Crazy Yiuf
  5870 | D:7      | Reached *** piety under Vehumet
  5951 | D:7      | Noticed Joseph
  6165 | D:7      | Offered knowledge of Flame Wave by Vehumet.
  6166 | D:7      | Reached skill level 10 in Spellcasting
  6172 | D:7      | Learned a level 4 spell: Flame Wave
  6614 | D:8      | Noticed a two-headed ogre
  6639 | D:8      | Killed a two-headed ogre
  6640 | D:8      | Reached skill level 1 in Shields
  6640 | D:8      | Reached skill level 11 in Spellcasting
  6705 | D:8      | Found a transporter.
  6705 | D:8      | Found a transporter.
  6708 | D:8      | Found a transporter.
  6709 | D:8      | Found a transporter.
  6763 | D:7      | Reached **** piety under Vehumet
  6815 | D:8      | Offered knowledge of Iskenderun's Battlesphere by Vehumet.
  6832 | D:8      | Learned a level 5 spell: Iskenderun's Battlesphere
  6861 | D:8      | Found a hide-covered altar of Uskayaw.
  7084 | D:8      | Reached XP level 10. HP: 38/50 MP: 27/27
  7421 | D:9      | Found a flagged portal.
  7484 | Bailey   | Entered a bailey
  7615 | Bailey   | Identified the +2 bardiche of Puhoisos {heavy, rElec
                  | Stlth+}
  7789 | Bailey   | Noticed an orc knight
  7789 | Bailey   | Noticed an orc knight
  7839 | Bailey   | Killed an orc knight
  7840 | Bailey   | Reached skill level 5 in Translocations
  7936 | Bailey   | Killed an orc knight
  7937 | Bailey   | Reached skill level 1 in Long Blades
  7937 | Bailey   | Reached skill level 5 in Fire Magic
  8294 | D:9      | Reached skill level 1 in Evocations
  8299 | D:9      | Reached skill level 1 in Fighting
  8308 | D:9      | Noticed an orange demon
  8520 | D:9      | Noticed a two-headed ogre
  8529 | D:9      | Killed a two-headed ogre
  8530 | D:9      | Reached skill level 12 in Spellcasting
  8571 | D:9      | Found a sparkling altar of Nemelex Xobeh.
  8638 | D:9      | Noticed a cyclops
  8654 | D:9      | Killed a cyclops
  8675 | D:9      | Noticed a cyclops
  8962 | D:9      | Killed a cyclops
  8963 | D:9      | Reached XP level 11. HP: 38/59 MP: 28/29
  9138 | D:9      | Noticed Harold
  9154 | D:9      | Killed Harold
  9155 | D:9      | Reached skill level 10 in Necromancy
  9372 | D:10     | Entered Level 10 of the Dungeon
  9382 | D:10     | Reached ***** piety under Vehumet
  9390 | D:10     | Offered knowledge of Iron Shot by Vehumet.
  9470 | D:10     | Learned a level 6 spell: Iron Shot
  9483 | D:10     | Found a sacrificial altar of Ru.
  9844 | D:10     | Reached skill level 13 in Spellcasting
  9941 | D:10     | Found a staircase to the Orcish Mines.
  9968 | Orc:1    | Entered Level 1 of the Orcish Mines
 10170 | D:2      | Bought the ring of the Mage {Wiz Archmagi} for 714 gold
                  | pieces
 10170 | D:2      | Found the ring of the Mage {Wiz Archmagi}
 10360 | Orc:1    | Noticed an orc knight
 10655 | Orc:1    | Killed an orc knight
 11373 | D:10     | HP: 1/62 [gargoyle/+0 mace of protection (16)]
 11375 | D:10     | Slain by a gargoyle

Illustrated notes

Levels and vault maps discovered:
D:1:      sevenhm_arrival_forest_fort_small_3, layout_rooms,
          chequers_serial_rivers_room_b, minmay_misc_feat_five
D:2:      layout_loops_ring, dreamdust_ecumenical_altar_angels_and_demons,
          serial_shops, shop
D:3:      layout_basic, grunt_temple_overflow_open, minmay_misc_feat_iff
D:4:      layout_basic, nicolae_overflow_quartered_altars, serial_shops,
          nicolae_diamond_shop
D:5:      layout_loops_ring, lemuel_doored_altar, minmay_misc_feat_rows,
          dreamdust_wishing_well
D:6:      layout_loops_cross, fedhas_altar_fruit_tree,
          minmay_temple_entry_glass, uniq_pikel, uniq_blork_the_orc
D:7:      layout_basic, uniq_menkaure, uniq_joseph, uniq_crazy_yiuf_cottage
D:8:      layout_basic, nicolae_uskayaw_dance_hall, serial_demonic,
          serial_demonic_d, serial_demonic_a, serial_demonic_c,
          serial_demonic_c, nicolae_diode_quadrants
D:9:      layout_irregular_city, kennysheep_little_box, enter_bailey_4,
          minmay_between, uniq_harold
D:10:     layout_basic, nicolae_ru_awakened_eye
D:11:     layout_rooms, hellmonk_lair_entry_icy, serial_ice, serial_ice_j,
          serial_ice_m, serial_ice_o, serial_ice_c, serial_ice_g, serial_ice_f,
          guppyfry_shop_earth, uniq_psyche, uniq_lodul
Orc:1:    layout_caves

Skill      XL: |  1  2  3  4  5  6  7  8  9 10 11 |
---------------+----------------------------------+-----
Necromancy     | 5 6 7 8 9 11 | 11.0
Dodging        | 3 4 5 6 7 |  7.7
Stealth        | 3 4 |  4.8
Short Blades   | 1 2 3 4 |  4.3
Spellcasting   | 4 5 6 8 11 12 13 | 13.6
Translocations | 2 3 4 5 6 |  6.3
Fire Magic     | 1 2 4 5 6 |  6.7
Throwing       | 1 2 |  2.8
Shields        | 1 2 3 |  3.2
Long Blades    | 1 |  1.5
Evocations     | 1 |  1.0
Fighting       | 2 4 |  4.7

Action                     |  1- 3 |  4- 6 |  7- 9 | 10-12 || total
---------------------------+-------+-------+-------+-------++-------
  Melee: Short sword       |    14 |       |       |       ||    14
         Unarmed           |     9 |       |       |       ||     9
         Rapier            |    27 |    81 |   138 |     7 ||   253
         Punch             |       |       |     3 |       ||     3
         Scimitar          |       |       |       |   109 ||   109
  Throw: Dart              |       |     6 |    33 |    26 ||    65
         Boomerang         |       |       |       |     6 ||     6
   Cast: Vampiric Draining |     2 |    23 |    50 |   126 ||   201
         Scorch            |       |       |    67 |    98 ||   165
  Evoke: Wand              |       |     1 |     6 |    16 ||    23
    Use: Scroll            |       |     1 |    10 |     4 ||    15
         Potion            |       |       |       |     5 ||     5
   Stab: Sleeping          |     5 |     6 |     4 |     6 ||    21
         Distracted        |       |       |       |     1 ||     1
 Armour: Robe              |    11 |    22 |    39 |    64 ||   136
  Dodge: Dodged            |    37 |    70 |   180 |   196 ||   483
  Block: Buckler           |       |       |       |    76 ||    76
